MLB
CLEVELAND GUARDIANS @ DETROIT TIGERS
08/22/2099
 
TOP OF THE 1ST
Cleveland Guardians batting - Pitching for Detroit Tigers : RHP Rodrigo Mendoza
Pitching: RHP Rodrigo Mendoza
Batting: LHB Jonathan Setzler 0-0: Ball
1-0: Ground out 6-3 (Groundball, 6, EV 90.0 MPH)
Batting: RHB Donald Nohl 0-0: Ball
1-0: Ball
2-0: Called Strike
2-1: Called Strike
2-2: Ball
3-2: Foul Ball, location: 5F
3-2: SINGLE (Line Drive, 3D, EV 96.3 MPH)
Batting: LHB Mel Soto 0-0: Ball
1-0: Called Strike
1-1: Fly out, F2 (Popup, 23F, EV 77.5 MPH)
Batting: RHB Rogelio Cosme 0-0: Fielders Choice at 2nd, U4 (Groundball, 4M, EV 81.9 MPH)
Top of the 1st over - 0 runs, 1 hit, 0 errors, 1 left on base; Cleveland 0 - Detroit 0
BOTTOM OF THE 1ST
Detroit Tigers batting - Pitching for Cleveland Guardians : RHP Reed Harris
Pitching: RHP Reed Harris
Batting: LHB John Castaneda 0-0: Called Strike
0-1: Ball
1-1: DOUBLE (Line Drive, 9LM, EV 109.4 MPH)
Batting: RHB Nate D'Acquisto 0-0: Called Strike
0-1: Swinging Strike
0-2: Ball
1-2: 2-RUN HOME RUN (Flyball, 9D, EV 94.4 MPH), Distance : 379 ft
Batting: SHB Mike Knighten 0-0: Foul Ball, location: 7LDF
0-1: Ball
1-1: Swinging Strike
1-2: Ground out 5-3 (Groundball, 56, EV 90.6 MPH)
Batting: LHB Danny Royal 0-0: Ball
1-0: Ball
2-0: Ball
3-0: Called Strike
3-1: Base on Balls
Batting: RHB Allan Alessi 0-0: Ball
1-0: Fly out, F6 (Popup, 6, EV 52.5 MPH)
Batting: RHB Ed Hochstetler 0-0: Called Strike
0-1: Ball
1-1: Ball
2-1: Ball
3-1: SINGLE (Groundball, 4MD, EV 104.4 MPH)
Danny Royal to second
Runner from 2nd tries for 3rd, SAFE, throw by CF made to third
Batting: LHB Denny Marshall 0-0: Ball
1-0: Foul Ball, location: 9LSFF
1-1: Ball
2-1: Foul Ball, location: 2F
2-2: Ball
3-2: Strikes out swinging
Bottom of the 1st over - 2 runs, 3 hits, 0 errors, 2 left on base; Cleveland 0 - Detroit 2
TOP OF THE 2ND
Cleveland Guardians batting - Pitching for Detroit Tigers : RHP Rodrigo Mendoza
Batting: RHB Barry Nicholson 0-0: Swinging Strike
0-1: Foul Ball, location: 9LSF
0-2: Ball
1-2: Foul Ball, location: 2F
1-2: Fly out, F7 (Line Drive, 7, EV 92.5 MPH)
Batting: SHB Jose Agramonte 0-0: Ball
1-0: Ball
2-0: Called Strike
2-1: Swinging Strike
2-2: SINGLE (Groundball, 4MD, EV 100.6 MPH)
Batting: RHB Ciro Visconti 0-0: Swinging Strike
0-1: Foul Ball, location: 5F
0-2: Ball
1-2: Strikes out swinging
Batting: RHB Chris Goacher 0-0: Called Strike
0-1: Ball
1-1: DOUBLE (Line Drive, 78D, EV 103.8 MPH)
Jose Agramonte to third
Runner from 3rd tries for Home, SAFE, no throw by LF
Batting: RHB Trevor Vallee 0-0: Called Strike
0-1: Ball
1-1: Foul Ball, location: 7LDF
1-2: Ball
2-2: Strikes out swinging
Top of the 2nd over - 1 run, 2 hits, 0 errors, 1 left on base; Cleveland 1 - Detroit 2
BOTTOM OF THE 2ND
Detroit Tigers batting - Pitching for Cleveland Guardians : RHP Reed Harris
Batting: RHB Steve Selmon 0-0: Ball
1-0: Ball
2-0: SINGLE (Groundball, 56S, EV 68.8 MPH) (infield hit)
Batting: RHB Jake Henson 0-0: SINGLE (Line Drive, 8LS, EV 96.9 MPH)
Steve Selmon to second
Batting: LHB John Castaneda 0-0: Called Strike
0-1: Swinging Strike
0-2: Ball
1-2: Foul Ball, location: 9LSF
1-2: Ball
2-2: Ball
3-2: Grounds into double play, U5-3 (Groundball, 5L, EV 104.4 MPH)
Jake Henson to second
Batting: RHB Nate D'Acquisto 0-0: Swinging Strike
0-1: Ball
1-1: Ball
2-1: Foul Ball, location: 5F
2-2: SINGLE (Groundball, 5S, EV 76.9 MPH) (infield hit)
Jake Henson to third
Batting: SHB Mike Knighten 0-0: Ball
1-0: Foul Ball, location: 7LSF
1-1: Ball
2-1: SINGLE (Flyball, 56D, EV 96.3 MPH)
Jake Henson scores
Nate D'Acquisto to second
Batting: LHB Danny Royal 0-0: Ball
1-0: Fly out, F6 (Popup, 56D, EV 50.6 MPH)
Bottom of the 2nd over - 1 run, 4 hits, 0 errors, 2 left on base; Cleveland 1 - Detroit 3
TOP OF THE 3RD
Cleveland Guardians batting - Pitching for Detroit Tigers : RHP Rodrigo Mendoza
Pitching: LHP David Avery
Batting: LHB Jonathan Setzler 0-0: Foul Ball, location: 9LMF
0-1: Called Strike
0-2: Foul Ball, location: 7LDF
0-2: SINGLE (Groundball, 34D, EV 101.9 MPH)
Batting: RHB Donald Nohl 0-0: Ball
1-0: Foul Ball, location: 2F
1-1: Fly out, F9 (Line Drive, 9LM, EV 100.0 MPH)
Batting: LHB Mel Soto 0-0: Ball
1-0: Called Strike
1-1: Foul Ball, location: 9LSF
1-2: Ball
2-2: Fly out, F9 (Flyball, 9LD, EV 96.3 MPH)
Batting: RHB Rogelio Cosme 0-0: Ball
1-0: Called Strike
1-1: Swinging Strike
1-2: Strikes out swinging
Top of the 3rd over - 0 runs, 1 hit, 0 errors, 1 left on base; Cleveland 1 - Detroit 3
BOTTOM OF THE 3RD
Detroit Tigers batting - Pitching for Cleveland Guardians : RHP Reed Harris
Batting: RHB Allan Alessi 0-0: Called Strike
0-1: Foul Ball, location: 2F
0-2: Ball
1-2: Strikes out swinging
Batting: RHB Ed Hochstetler 0-0: Swinging Strike
0-1: Fly out, F4 (Popup, 4S, EV 83.8 MPH)
Batting: LHB Denny Marshall 0-0: Swinging Strike
0-1: Ball
1-1: Ball
2-1: Ball
3-1: Foul Ball, location: 3DF
3-2: Foul Ball, location: 7LMF
3-2: Foul Ball, location: 25F
3-2: Foul Ball, location: 7LDF
3-2: Foul Ball, location: 5F
3-2: Foul Ball, location: 7LMF
3-2: Strikes out swinging
Bottom of the 3rd over - 0 runs, 0 hits, 0 errors, 0 left on base; Cleveland 1 - Detroit 3
TOP OF THE 4TH
Cleveland Guardians batting - Pitching for Detroit Tigers : LHP David Avery
Batting: RHB Barry Nicholson 0-0: DOUBLE (Line Drive, 7LD, EV 109.4 MPH)
Batting: SHB Jose Agramonte 0-0: Called Strike
0-1: SINGLE (Flyball, 5D, EV 93.1 MPH)
Barry Nicholson to third
Batting: RHB Ciro Visconti 0-0: Called Strike
0-1: Ball
1-1: Grounds into double play, 5-4-3 (Groundball, 56S, EV 85.6 MPH)
Barry Nicholson scores
Batting: RHB Chris Goacher 0-0: Ball
1-0: DOUBLE (Line Drive, 89M, EV 92.5 MPH)
Batting: RHB Trevor Vallee 0-0: Ball
1-0: SINGLE (Line Drive, 8LS, EV 105.6 MPH)
Chris Goacher to third
Runner from 3rd tries for Home, SAFE, throw by CF to home
Trevor Vallee to second
Batting: LHB Jonathan Setzler 0-0: Foul Ball, location: 7LSF
0-1: Ball
1-1: Ball
2-1: Foul Ball, location: 2F
2-2: Ball
3-2: Fly out, F4 (Popup, 4, EV 54.4 MPH)
Top of the 4th over - 2 runs, 4 hits, 0 errors, 1 left on base; Cleveland 3 - Detroit 3
BOTTOM OF THE 4TH
Detroit Tigers batting - Pitching for Cleveland Guardians : RHP Reed Harris
Batting: RHB Steve Selmon 0-0: Swinging Strike
0-1: Foul Ball, location: 3F
0-2: Strikes out swinging
Batting: RHB Jake Henson 0-0: TRIPLE (Line Drive, 89XD, EV 109.4 MPH)
Batting: LHB John Castaneda 0-0: Ball
1-0: Ball
2-0: Called Strike
2-1: Fly out, F8 (Flyball, 8LD, EV 93.8 MPH)
Runner from 3rd tags up, SCORES, throw by CF
Batting: RHB Nate D'Acquisto 0-0: Ball
1-0: Called Strike
1-1: Ball
2-1: Fly out, F4 (Line Drive, 4, EV 69.4 MPH)
Bottom of the 4th over - 1 run, 1 hit, 0 errors, 0 left on base; Cleveland 3 - Detroit 4
TOP OF THE 5TH
Cleveland Guardians batting - Pitching for Detroit Tigers : LHP David Avery
Batting: RHB Donald Nohl 0-0: Ball
1-0: Swinging Strike
1-1: Called Strike
1-2: Foul Ball, location: 7LSFF
1-2: Foul Ball, location: 2F
1-2: Fly out, F4 (Popup, 4, EV 56.3 MPH)
Pitching: RHP Blake Dickerson
Batting: LHB Mel Soto 0-0: Fly out, F8 (Flyball, 78D, EV 106.9 MPH)
Batting: RHB Rogelio Cosme 0-0: Called Strike
0-1: Foul Ball, location: 2F
0-2: Ball
1-2: Strikes out swinging
Top of the 5th over - 0 runs, 0 hits, 0 errors, 0 left on base; Cleveland 3 - Detroit 4
BOTTOM OF THE 5TH
Detroit Tigers batting - Pitching for Cleveland Guardians : RHP Reed Harris
Batting: SHB Mike Knighten 0-0: Ball
1-0: Ball
2-0: Called Strike
2-1: Ball
3-1: Fly out, F7 (Flyball, 7S, EV 79.4 MPH)
Batting: LHB Danny Royal 0-0: Called Strike
0-1: Ball
1-1: Swinging Strike
1-2: Ball
2-2: Strikes out looking
Batting: RHB Allan Alessi 0-0: Called Strike
0-1: Foul Ball, location: 3F
0-2: Foul Ball, location: 9LDF
0-2: Ground out 6-3 (Groundball, 6, EV 84.4 MPH)
Bottom of the 5th over - 0 runs, 0 hits, 0 errors, 0 left on base; Cleveland 3 - Detroit 4
TOP OF THE 6TH
Cleveland Guardians batting - Pitching for Detroit Tigers : RHP Blake Dickerson
Batting: RHB Barry Nicholson 0-0: Called Strike
0-1: Called Strike
0-2: Ball
1-2: Strikes out looking
Batting: SHB Jose Agramonte 0-0: Swinging Strike
0-1: Ball
1-1: Called Strike
1-2: Foul Ball, location: 7LDF
1-2: Ball
2-2: Strikes out looking
Batting: RHB Ciro Visconti 0-0: Ball
1-0: Ball
2-0: Foul Ball, location: 2LF
2-1: SINGLE (Groundball, 34D, EV 105.0 MPH)
Batting: RHB Chris Goacher
Pinch Hitting: LHB Victor Zavala 0-0: Called Strike
0-1: Ball
1-1: SINGLE (Line Drive, 3D, EV 66.9 MPH)
Ciro Visconti to second
Runner from 2nd tries for 3rd, SAFE, no throw by RF
Batting: RHB Trevor Vallee 0-0: Ball
1-0: Ball
2-0: Ground out 5-3 (Groundball, 56S, EV 85.0 MPH)
Top of the 6th over - 0 runs, 2 hits, 0 errors, 2 left on base; Cleveland 3 - Detroit 4
BOTTOM OF THE 6TH
Detroit Tigers batting - Pitching for Cleveland Guardians : RHP Reed Harris
Now at 2B: Donald Nohl
Now at SS: Mike Maddy
Batting: RHB Ed Hochstetler 0-0: Ball
1-0: Foul Ball, location: 23F
1-1: Fly out, F8 (Flyball, 8RD, EV 103.1 MPH)
Batting: LHB Denny Marshall 0-0: Fly out, F8 (Flyball, 8RXD, EV 88.1 MPH)
Batting: RHB Steve Selmon 0-0: Ball
1-0: Foul Ball, location: 2F
1-1: Called Strike
1-2: Foul Ball, location: 2RF
1-2: Foul Ball, location: 3FF
1-2: Ball
2-2: DOUBLE (Flyball, 89D, EV 111.3 MPH) - OUT at third base trying to stretch hit.
Bottom of the 6th over - 0 runs, 1 hit, 0 errors, 0 left on base; Cleveland 3 - Detroit 4
TOP OF THE 7TH
Cleveland Guardians batting - Pitching for Detroit Tigers : RHP Blake Dickerson
Batting: LHB Jonathan Setzler 0-0: Called Strike
0-1: Called Strike
0-2: Ball
1-2: Strikes out swinging
Batting: RHB Donald Nohl 0-0: Called Strike
0-1: Foul Ball, location: 3DF
0-2: Strikes out looking
Batting: LHB Mel Soto 0-0: Ground out 4-3 (Groundball, 4, EV 103.1 MPH)
Top of the 7th over - 0 runs, 0 hits, 0 errors, 0 left on base; Cleveland 3 - Detroit 4
BOTTOM OF THE 7TH
Detroit Tigers batting - Pitching for Cleveland Guardians : RHP Reed Harris
Batting: RHB Jake Henson 0-0: Ground out 6-3 (Groundball, 56, EV 106.3 MPH)
Batting: LHB John Castaneda 0-0: Called Strike
0-1: Ball
1-1: Foul Ball, location: 2F
1-2: Foul Ball, location: 25F
1-2: Ball
2-2: Foul Ball, location: 25F
2-2: Foul Ball, location: 5F
2-2: Fly out, F2 (Popup, 23F, EV 89.4 MPH)
Batting: RHB Nate D'Acquisto 0-0: Ball
1-0: Foul Ball, location: 23FF
1-1: Swinging Strike
1-2: Ball
2-2: Foul Ball, location: 23F
2-2: Foul Ball, location: 2F
2-2: Ball
3-2: Ground out 6-3 (Groundball, 6, EV 91.3 MPH)
Bottom of the 7th over - 0 runs, 0 hits, 0 errors, 0 left on base; Cleveland 3 - Detroit 4
TOP OF THE 8TH
Cleveland Guardians batting - Pitching for Detroit Tigers : RHP Blake Dickerson
Batting: RHB Rogelio Cosme 0-0: Foul Ball, location: 9LDF
0-1: Ball
1-1: Foul Ball, location: 3SF
1-2: Ball
2-2: Fly out, F8 (Flyball, 8RD, EV 95.6 MPH)
Pitching: RHP John Young
Batting: RHB Barry Nicholson 0-0: Called Strike
0-1: Fly out, F9 (Flyball, 89S, EV 94.4 MPH)
Batting: SHB Jose Agramonte 0-0: Ball
1-0: Ball
2-0: Called Strike
2-1: Fly out, F2 (Popup, 2LF, EV 93.1 MPH)
Top of the 8th over - 0 runs, 0 hits, 0 errors, 0 left on base; Cleveland 3 - Detroit 4
BOTTOM OF THE 8TH
Detroit Tigers batting - Pitching for Cleveland Guardians : RHP Reed Harris
Pitching: RHP Chris Hellige
Batting: SHB Mike Knighten 0-0: Ball
1-0: Called Strike
1-1: Foul Ball, location: 2F
1-2: Ball
2-2: Strikes out swinging
Batting: LHB Danny Royal 0-0: Ball
1-0: Called Strike
1-1: Fly out, F7 (Flyball, 7LS, EV 73.1 MPH)
Batting: RHB Allan Alessi 0-0: Ball
1-0: Ball
2-0: Swinging Strike
2-1: Ball
3-1: Called Strike
3-2: Ground out U3 (Groundball, 34, EV 88.1 MPH)
Bottom of the 8th over - 0 runs, 0 hits, 0 errors, 0 left on base; Cleveland 3 - Detroit 4
TOP OF THE 9TH
Cleveland Guardians batting - Pitching for Detroit Tigers : RHP John Young
Pitching: RHP Freddy Hernandez
Now at 2B: Jon Robinson
Now in LF: Francisco Salto
Batting: RHB Ciro Visconti 0-0: Ball
1-0: Fly out, F9 (Flyball, 9, EV 92.5 MPH)
Pinch Hitting: RHB Brian Ruble 0-0: Called Strike
0-1: Ball
1-1: Ground out 6-3 (Groundball, 6, EV 88.8 MPH)
Pinch Hitting: LHB Matt Cleary 0-0: Called Strike
0-1: SINGLE (Groundball, 3D, EV 100.0 MPH)
Batting: LHB Jonathan Setzler 0-0: Ball
1-0: Called Strike
1-1: Called Strike
1-2: Strikes out swinging
Top of the 9th over - 0 runs, 1 hit, 0 errors, 1 left on base; Cleveland 3 - Detroit 4
Wednesday, May 15th , 2024 - OOTP Baseball 24.11 Build 85